 Dungeon Crawl Stone Soup version 0.19.0-16-g73b5abf (webtiles) character file.

103 Promi the Firebug (level 4, -2/52 HPs)
             Began as a Draconian Fire Elementalist on Nov 10, 2016.
             Killed from afar by a goblin (15 damage)
             ... with an exploding inner flame
             ... led by Robin
             ... hexed by the player character
             ... on level 2 of the Dungeon.
             The game lasted 00:12:31 (2220 turns).

Promi the Firebug (Draconian Fire Elementalist)     Turns: 2220, Time: 00:12:32

Health: -2/52      AC:  5    Str: 16    XL:     4   Next: 51%
Magic:  0/7        EV: 12    Int: 16    God:
Gold:   103        SH:  0    Dex: 11    Spells: 3 memorised, 2 levels left

rFire  + . .     SeeInvis .     m - -2 short sword (curse)
rCold  + . .     Gourm    .     (armour unavailable)
rNeg   . . .     Faith    .     (no shield)
rPois  +         Spirit   .     (helmet restricted)
rElec  +         Reflect  .     (no cloak)
rCorr  +         Harm     .     (no gloves)
MR     .....                    (no boots)
Stlth  ..........               f - amulet of regeneration
                                (no ring)
                                (no ring)

@: berserking, resistant, very slightly contaminated, very quick
A: unfitting armour, cold-blooded, AC +5
a: no special abilities


You were on level 2 of the Dungeon.
You were not hungry.

You visited 1 branch of the dungeon, and saw 2 of its levels.

You collected 103 gold pieces.

Inventory:

Hand Weapons
 m - a cursed -2 short sword (weapon)
Jewellery
 f - an amulet of regeneration (around neck)
Scrolls
 o - a scroll of remove curse
Potions
 l - 2 potions of ambrosia {unknown}
 n - a potion of curing {unknown}
Books
 a - a book of Flames

   Spells                             Type                      Level
   a - Flame Tongue                   Conjuration/Fire             1
   b - Throw Flame                    Conjuration/Fire             2
   c - Conjure Flame                  Conjuration/Fire             3
   d - Inner Flame                    Hexes/Fire                   3
   e - Sticky Flame                   Conjuration/Fire             4
   f - Fireball                       Conjuration/Fire             5
Comestibles
 b - 2 bread rations
 c - 2 slices of pizza
 i - 4 fruits
 k - a beef jerky


   Skills:
 + Level 1.4 Fighting
 + Level 2.6 Dodging
 + Level 2.5 Stealth
 + Level 2.5 Spellcasting
 + Level 1.9 Conjurations
 + Level 3.3 Fire Magic


You had 2 spell levels left.
You knew the following spells:

 Your Spells              Type           Power        Failure   Level  Hunger
a - Flame Tongue          Conj/Fire      ##...        10%         1    #......
b - Throw Flame           Conj/Fire      ##....       12%         2    ##.....
c - Conjure Flame         Conj/Fire      ##......     21%         3    ###....


Dungeon Overview and Level Annotations

Branches:
Dungeon (2/15)

Altars:

Annotations:
D:2 Robin


Innate Abilities, Weirdness & Mutations

Your plain brown scales are hard. (AC +5)
You cannot fit into any form of body armour.
You are cold-blooded and may be slowed by cold attacks.


Message History

It was a scroll of immolation.
Robin roars a battlecry!
The goblins go into a battle-frenzy!
The goblin hits you but does no damage.
Put on which piece of jewellery? (? for menu, Esc to quit)
You sense that the amulet cannot attune itself to your injured body.
f - an amulet of regeneration (around neck) Robin misses you.
The goblin hits you but does no damage.
It was a potion of resistance.
You feel protected.
Robin hits you with a short sword of flaming.
Robin burns you. The goblin hits you with a club.
* * * LOW HITPOINT WARNING * * *
It was a potion of berserk rage.
A red film seems to cover your vision as you go berserk!
You feel yourself moving faster!
You feel mighty!
You puncture the goblin!
The goblin explodes!
The fiery explosion engulfs you! You resist.
You die...

.......#...........#
..##..#.#...........###########
....................'.).).((((.
.#.#.#.#...........###########
#.#............#
#)#.)..#######.#
#.#............#
#.#...g###############
#.#...gg@.§..........#
#.########§#########.# #.#
#>....[...#.# #.#
############.#.#
###.#####......#####.#.#
#.................##.#.####
############........#.##.#.....
#.........##........#.##.######
###.........###########.##.# #


You could see Robin (inner flame) and 2 goblins.

Vanquished Creatures
  Natasha (D:2)
  2 adders (D:2)
  A worm (D:2)
  3 dart slugs
  2 leopard geckos (D:1)
  5 bats
  4 giant cockroaches
  12 goblins
  3 hobgoblins
  4 jackals (D:1)
  A quokka (D:2)
  A ball python (D:1)
  3 frilled lizards (D:1)
  2 kobolds (D:1)
  5 rats
49 creatures vanquished.

Notes
Turn   | Place    | Note
-------+----------+-------------------------------------------
     0 | D:1      | Promi the Draconian Fire Elementalist began the quest for the Orb.
     0 | D:1      | Reached XP level 1. HP: 14/14 MP: 3/3
   246 | D:1      | Reached XP level 2. HP: 4/22 MP: 0/5
   805 | D:1      | Reached skill level 1 in Fighting
   961 | D:1      | Reached XP level 3. HP: 24/28 MP: 0/6
  1248 | D:2      | Learned a level 2 spell: Throw Flame
  1252 | D:2      | Learned a level 3 spell: Conjure Flame
  1302 | D:2      | Noticed Robin
  1875 | D:2      | Reached XP level 4. HP: 35/35 MP: 2/7
  1972 | D:2      | Noticed Natasha
  1978 | D:2      | Killed Natasha
  2220 | D:2      | Killed from afar by a goblin

Skill      XL: |  1  2 |
---------------+-------+-----
Dodging        | 2 |  2.6
Fighting       | 1 |  1.4
Stealth        | 2 |  2.5
Spellcasting   | |  2.5
Conjurations   | |  1.9
Fire Magic     | |  3.3

Action                   |  1- 3 |  4- 6 || total
-------------------------+-------+-------++-------
Melee: Unarmed           |    22 |       ||    22
       Tailslap          |     3 |     2 ||     5
       Short sword       |    12 |    12 ||    24
 Cast: Flame Tongue      |    65 |    11 ||    76
  Use: Scroll            |     4 |     2 ||     6
       Potion            |       |     3 ||     3
 Stab: Sleeping          |     1 |       ||     1
  Eat: Chunk             |     3 |     2 ||     5
Armor: Skin              |    26 |     4 ||    30
Dodge: Dodged            |    66 |    11 ||    77
